[Event "Titled Tuesday Blitz August 1 Late 2023"]
[White "Domingo Nunez, Ruben"]
[Black "Pesotskiy, Mikhail"]
[WhiteFideId "22245570"]
[BlackFideId "34164453"]
[WhiteElo "2579"]
[BlackElo "2435"]
[Result "1-0"]
[Round "9"]
[TimeControl "180+1"]
[Date "2023.08.01"]
[WhiteClock "0:00:58"]
[BlackClock "0:00:21"]
[Board "44"]

1. b3 e5 2. Bb2 Nc6 3. e3 Nf6 4. Bb5 Bd6 5. Nf3 Qe7 6. d4 exd4 7. Nxd4 Nxd4 8. Qxd4 O-O 9. Bd3 Re8 10. Qh4 Be5 11. Nc3 d6 12. Nd5 Qe6 13. Nxc7 Bxb2 14. Nxe6 Bxa1 15. Nc7 Bc3+ 16. Ke2 Be6 17. Nxa8 Rxa8 18. Rd1 Rc8 19. h3 a6 20. g4 h6 21. f4 d5 22. g5 hxg5 23. fxg5 Ne4 24. Bxe4 dxe4 25. Qxe4 b5 26. g6 Bf6 27. Rd6 Bxh3 28. gxf7+ Kxf7 29. Rxf6+ 1-0


[Site "https://www.chess.com"]

[Event "Titled Tuesday Blitz August 1 Late 2023"]
[White "Bettalli, Francesco"]
[Black "Mike24147"]
[WhiteFideId "2816453"]
[WhiteElo "2525"]
[BlackElo "2413"]
[Result "1-0"]
[Round "9"]
[TimeControl "180+1"]
[Date "2023.08.01"]
[WhiteClock "0:01:06"]
[BlackClock "0:00:00"]
[Board "45"]

1. e4 c5 2. Nc3 Nc6 3. Bb5 Nd4 4. Nf3 a6 5. Bd3 Nc6 6. O-O g6 7. b3 Bg7 8. Bb2 d6 9. Re1 Nf6 10. h3 O-O 11. a3 e5 12. Bc4 h6 13. a4 Nh5 14. Ne2 Kh7 15. Nh2 Qh4 16. Nf3 Qe7 17. g4 Nf4 18. Nxf4 exf4 19. Bxg7 Kxg7 20. d4 cxd4 21. Nxd4 Ne5 22. Bd5 Qh4 23. Qd2 Qxh3 24. Qxf4 Bxg4 25. Re3 Qh5 26. Rg3 Rae8 27. Bxb7 f5 28. exf5 Bxf5 29. Nxf5+ Rxf5 30. Qd4 Ref8 31. Rf1 Rg5 32. Bg2 Rxg3 33. fxg3 Rxf1+ 34. Kxf1 Qf5+ 35. Kg1 Qf6 36. c3 h5 37. b4 Kh7 38. b5 axb5 39. axb5 1-0


[Site "https://www.chess.com"]

[Event "Titled Tuesday Blitz August 1 Late 2023"]
[White "Fiorito, Joaquin"]
[Black "NigelDwarf"]
[WhiteFideId "180173"]
[WhiteElo "2674"]
[BlackElo "2521"]
[Result "1-0"]
[Round "9"]
[TimeControl "180+1"]
[Date "2023.08.01"]
[WhiteClock "0:01:26"]
[BlackClock "0:00:08"]
[Board "46"]

1. d4 Nf6 2. Nc3 d5 3. Bf4 a6 4. e3 Bf5 5. Bd3 Bg6 6. h4 e6 7. h5 Bxd3 8. Qxd3 h6 9. O-O-O Nc6 10. Nf3 Qd7 11. e4 Nb4 12. Qe2 Nxe4 13. Nxe4 dxe4 14. Qxe4 Qa4 15. a3 Nd5 16. Rd3 Be7 17. Be5 O-O-O 18. Kb1 Bf6 19. Rc1 Nb6 20. c4 Rd7 21. Rdc3 Rhd8 22. Bxf6 gxf6 23. Qf4 Kb8 24. Qxh6 c5 25. dxc5 Nc8 26. Qxf6 Ne7 27. h6 Nf5 28. h7 1-0


[Site "https://www.chess.com"]

[Event "Titled Tuesday Blitz August 1 Late 2023"]
[White "Ganiev, Roman"]
[Black "Bochnicka, Vladimir"]
[WhiteFideId "4131452"]
[BlackFideId "14943450"]
[WhiteElo "2593"]
[BlackElo "2522"]
[Result "1-0"]
[Round "9"]
[TimeControl "180+1"]
[Date "2023.08.01"]
[WhiteClock "0:00:13"]
[BlackClock "0:00:02"]
[Board "47"]

1. e4 e5 2. d4 exd4 3. Qxd4 Nc6 4. Qe3 d6 5. Nc3 Nf6 6. Bd2 Be7 7. O-O-O O-O 8. Bc4 a6 9. Bb3 Re8 10. Qg3 Nd4 11. f3 Nxb3+ 12. axb3 b5 13. Nh3 Nh5 14. Qf2 Bxh3 15. gxh3 b4 16. Nd5 c6 17. Nxb4 Qc7 18. Nd3 a5 19. Bc3 a4 20. Rhg1 axb3 21. cxb3 d5 22. Qg2 g6 23. Qg4 Kf8 24. Ne5 Bc5 25. Nd7+ Kg8 26. Nxc5 Kf8 27. Qg5 Qd6 28. Nd3 Qxh2 29. Rg2 Qc7 30. Qh6+ Ke7 31. Qe3 Red8 32. exd5+ Kf8 33. Qd4 Kg8 34. Qh8# 1-0


[Site "https://www.chess.com"]

[Event "Titled Tuesday Blitz August 1 Late 2023"]
[White "Karamsetty, Jeevan"]
[Black "ExchangeAB"]
[WhiteFideId "2025337"]
[WhiteElo "2556"]
[BlackElo "2494"]
[Result "1-0"]
[Round "9"]
[TimeControl "180+1"]
[Date "2023.08.01"]
[WhiteClock "0:00:12"]
[BlackClock "0:00:04"]
[Board "48"]

1. e4 c6 2. d4 d5 3. exd5 cxd5 4. Bd3 Nf6 5. c3 Nc6 6. Bf4 Bg4 7. Qb3 Qd7 8. Nd2 e6 9. Ngf3 Bd6 10. Bxd6 Qxd6 11. O-O O-O 12. Rfe1 Bxf3 13. Nxf3 Qc7 14. Qd1 a6 15. a4 Na5 16. Ne5 Nd7 17. Qh5 g6 18. Qh6 Nxe5 19. Rxe5 Nc4 20. Bxc4 Qxc4 21. Re3 Qc7 22. Rae1 Rae8 23. f4 Qd7 24. Rh3 f6 25. Ree3 Qg7 26. Qh4 Rf7 27. Qe1 Rfe7 28. Reg3 e5 29. dxe5 fxe5 30. f5 Rf8 31. Qd1 Rxf5 32. Qxd5+ Qf7 33. Qd8+ Re8 34. Qd1 e4 35. Re3 Rf8 36. Re1 Rd5 37. Qe2 Qf4 38. Re3 Re5 39. h3 Rfe8 40. Rf1 Qg5 41. Qc4+ Kg7 42. Rf7+ Kh6 43. Qe2 R8e7 44. Rf1 Rf5 45. Re1 Rfe5 46. Kh2 Qf4+ 47. g3 Qf5 48. Rf1 Qe6 49. Rf4 Kg7 50. Qf2 Rf5 51. Qd2 Rxf4 52. gxf4 Qf5 53. Qd4+ Kh6 54. Kg3 Rf7 55. Qd6 Kh5 56. Qd1+ Kh6 57. Qg4 Kg7 58. h4 h5 59. Qe2 Qxf4+ 60. Kh3 Qf5+ 61. Kh2 Re7 62. Rg3 Qf4 63. Kh3 e3 64. Qd3 Re6 65. Qd7+ Kf6 66. Qd8+ Ke5 67. Qb8+ Ke4 68. Qxb7+ Kf5 69. Qg2 Re4 70. Rg5+ Ke6 71. Rxg6+ Kd5 72. Rg5+ Kc4 73. Qe2+ Kb3 74. Qd1+ Ka2 75. Qe1 Qf3+ 76. Rg3 Qf5+ 77. Kg2 Qf2+ 78. Qxf2 exf2 79. Kxf2 Rxh4 80. b4 Kb3 81. a5 Rc4 82. Kg2 h4 83. Rh3 Ka4 84. Kf2 Kb5 85. Ke2 Ka4 86. Kd2 Rg4 87. Kc2 Kb5 88. Kb3 Rf4 89. Rd3 Rg4 90. c4+ Kc6 91. Ka4 Rg3 92. Rd4 h3 93. Rh4 Kb7 94. b5 axb5+ 95. cxb5 Ka7 96. Rh7+ Kb8 97. a6 Ka8 98. Ka5 Kb8 99. Kb6 Rg6+ 100. Ka5 Rg3 101. Kb4 Rf3 102. b6 Rf4+ 103. Kb5 Rf5+ 104. Kc4 Rf4+ 105. Kd5 Rf5+ 106. Ke6 Rf8 107. Rxh3 Rg8 108. Rb3 Rg6+ 109. Kd5 Rh6 110. Kc5 Rh5+ 111. Kc6 Rh6+ 112. Kb5 Rh5+ 113. Ka4 Rh4+ 114. Rb4 Rh6 115. Ka5 Rh5+ 116. Rb5 Rh6 117. Re5 Rh8 118. a7+ Kb7 119. Re7+ Ka8 120. Ka6 Rh6 121. Re8# 1-0


[Site "https://www.chess.com"]

[Event "Titled Tuesday Blitz August 1 Late 2023"]
[White "Toncheva, Nadya"]
[Black "Shapiro, Viktor"]
[WhiteFideId "2924056"]
[BlackFideId "4175700"]
[WhiteElo "2484"]
[BlackElo "2554"]
[Result "1-0"]
[Round "9"]
[TimeControl "180+1"]
[Date "2023.08.01"]
[WhiteClock "0:00:21"]
[BlackClock "0:00:03"]
[Board "49"]

1. d4 Nf6 2. c4 e6 3. Nc3 Bb4 4. e3 b6 5. Ne2 O-O 6. a3 Be7 7. Nf4 Bb7 8. Bd3 d6 9. O-O Nbd7 10. f3 e5 11. Nfe2 Re8 12. d5 c6 13. e4 Nc5 14. Bc2 a5 15. Be3 cxd5 16. exd5 g6 17. b4 Ncd7 18. Qd2 Rc8 19. Bd3 Nh5 20. Rab1 axb4 21. axb4 f5 22. Ra1 Ra8 23. Nb5 Nhf6 24. Rxa8 Bxa8 25. Ra1 Bb7 26. Ra7 Qb8 27. Qa2 Rc8 28. f4 Ng4 29. Bd2 Bf8 30. h3 Ngf6 31. Be3 Ne4 32. Bxe4 fxe4 33. Ng3 exf4 34. Bxf4 Ne5 35. Bxe5 dxe5 36. Nxe4 Bxb4 37. Nf6+ Kh8 38. Nd7 Bc5+ 39. Kh1 Rf8 40. Nxb8 Rf1+ 41. Kh2 Bg1+ 42. Kg3 1-0


[Site "https://www.chess.com"]

[Event "Titled Tuesday Blitz August 1 Late 2023"]
[White "D`Arruda, Ricardo D."]
[Black "Golubev, Mikhail"]
[WhiteFideId "100692"]
[BlackFideId "14100983"]
[WhiteElo "2473"]
[BlackElo "2545"]
[Result "0-1"]
[Round "9"]
[TimeControl "180+1"]
[Date "2023.08.01"]
[WhiteClock "0:00:13"]
[BlackClock "0:00:05"]
[Board "50"]

1. Nf3 d6 2. d4 Nf6 3. Nc3 Nbd7 4. e4 e5 5. Be2 g6 6. b3 Bg7 7. Bb2 O-O 8. O-O exd4 9. Nxd4 Re8 10. f3 Nh5 11. g3 Nb6 12. Qd2 a6 13. f4 c5 14. Nf3 d5 15. e5 d4 16. Ne4 Bf8 17. c3 f5 18. Nf2 dxc3 19. Qxc3 Ng7 20. Ng5 h6 21. Nf3 Be6 22. Rad1 Qc7 23. Nh4 Kh7 24. Rd2 Nd5 25. Qf3 Rad8 26. Rfd1 Nb4 27. Rxd8 Rxd8 28. Rxd8 Qxd8 29. a3 Nc6 30. Bc4 Qd7 31. Qd3 Qxd3 32. Nxd3 b5 33. Bxe6 Nxe6 34. Nf3 c4 35. bxc4 bxc4 36. Nde1 Bc5+ 37. Kf1 Kg7 38. Nc2 Kf7 39. Ke2 Ke7 40. Kd2 g5 41. fxg5 hxg5 42. Kc3 g4 43. Nh4 Nxe5 44. Nxf5+ Kf6 45. Nfd4 Nf3 46. Nxe6 Kxe6 47. Kxc4 Bg1 48. Nd4+ Bxd4 49. Bxd4 Nxh2 50. Kc5 Nf1 51. Bf2 Nd2 52. Kb4 Kd5 53. Be1 Nc4 54. Bc3 Nd6 55. Ka5 Nc4+ 56. Kb4 Nd6 57. Bd2 Kc6 58. Kc3 Nb5+ 59. Kb4 Nc7 60. Bf4 Nd5+ 61. Kc4 Nxf4 62. gxf4 g3 63. f5 g2 64. f6 g1=Q 0-1


[Site "https://www.chess.com"]

[Event "Titled Tuesday Blitz August 1 Late 2023"]
[White "Kazakov, Mikhail"]
[Black "Womacka, Mathias"]
[WhiteFideId "14102749"]
[BlackFideId "4611390"]
[WhiteElo "2446"]
[BlackElo "2540"]
[Result "1-0"]
[Round "9"]
[TimeControl "180+1"]
[Date "2023.08.01"]
[WhiteClock "0:00:04"]
[BlackClock "0:00:00"]
[Board "51"]

1. e4 c5 2. Nf3 d6 3. d4 cxd4 4. Nxd4 Nf6 5. Nc3 a6 6. Be2 e5 7. Nf3 Be7 8. O-O Be6 9. Bg5 Nbd7 10. a4 O-O 11. Re1 Rc8 12. Nd2 d5 13. exd5 Nxd5 14. Nxd5 Bxg5 15. Ne4 Bh6 16. Nd6 Rb8 17. a5 Nf6 18. Nb6 Qc7 19. Ndc4 Rbd8 20. Qb1 Nd5 21. Bf1 Nxb6 22. axb6 Qc8 23. Nxe5 Rd2 24. c3 Qc5 25. Nd3 Qxb6 26. Rd1 Rxd1 27. Qxd1 Rd8 28. Qe2 Bc4 29. Qc2 g6 30. g3 Bg7 31. Nf4 Bb3 32. Qe2 h5 33. h4 Bh6 34. Nd3 Bc4 35. Qc2 Qd6 36. Rd1 b5 37. b3 Be6 38. Nb2 Qc7 39. Rxd8+ Qxd8 40. c4 bxc4 41. Bxc4 Qd7 42. Bxe6 Qxe6 43. Nc4 Bg7 44. Kg2 Bd4 45. Qd3 Qd5+ 46. Qf3 Qxf3+ 47. Kxf3 Kf8 48. Ke2 Ke7 49. Nd2 Kd6 50. f3 Kc5 51. Kd3 Be5 52. f4 Bc7 53. Ne4+ Kb4 54. Kc2 Bd8 55. Nd6 f5 56. Nf7 Bb6 57. Ne5 1-0


[Site "https://www.chess.com"]

[Event "Titled Tuesday Blitz August 1 Late 2023"]
[White "Mushini Ajay"]
[Black "Hajiyev, Kanan"]
[WhiteFideId "35066188"]
[BlackFideId "13404148"]
[WhiteElo "2408"]
[BlackElo "2537"]
[Result "0-1"]
[Round "9"]
[TimeControl "180+1"]
[Date "2023.08.01"]
[WhiteClock "0:00:29"]
[BlackClock "0:01:22"]
[Board "52"]

1. d4 Nf6 2. Bf4 d5 3. Nd2 c5 4. e3 cxd4 5. exd4 Nc6 6. c3 Bg4 7. Qb3 Qb6 8. Qxb6 axb6 9. Bc7 e6 10. Bxb6 Nd7 11. Bc7 Be7 12. Ngf3 O-O 13. a3 Rfe8 14. Bd3 f6 15. O-O e5 16. h3 Bxf3 17. gxf3 Rec8 18. dxe5 Rxc7 19. exf6 Bxf6 20. f4 Nc5 21. Bc2 Re8 22. Rfe1 Rce7 23. Rxe7 Rxe7 24. Kf1 d4 25. cxd4 Nxd4 26. Bd1 Nde6 27. Rc1 Bxb2 28. Rc2 Bxa3 29. Nc4 Bb4 30. Ne5 b6 31. Rc4 Nxf4 32. Rxf4 Bd2 33. Nc6 Re1+ 34. Kg2 Bxf4 35. Bf3 0-1


[Site "https://www.chess.com"]

[Event "Titled Tuesday Blitz August 1 Late 2023"]
[White "i_like_explosions"]
[Black "Moral Garcia, Serafin"]
[BlackFideId "2201925"]
[WhiteElo "2425"]
[BlackElo "2535"]
[Result "1-0"]
[Round "9"]
[TimeControl "180+1"]
[Date "2023.08.01"]
[WhiteClock "0:00:32"]
[BlackClock "0:00:21"]
[Board "53"]

1. d4 Nf6 2. Bg5 d5 3. Bxf6 exf6 4. e3 Bd6 5. c4 dxc4 6. Bxc4 O-O 7. Nf3 c6 8. O-O Nd7 9. Nc3 f5 10. Qc2 Nf6 11. Rad1 Qe7 12. a3 Ne4 13. Nd2 Nxd2 14. Rxd2 Be6 15. Bxe6 Qxe6 16. Rfd1 Rad8 17. g3 g6 18. b4 Be7 19. Na4 Rd5 20. Nc5 Qc8 21. Qc4 Rfd8 22. a4 b6 23. Nd3 a5 24. Rb1 b5 25. axb5 Rxb5 26. Rdb2 axb4 27. Nxb4 Bxb4 28. Rxb4 Rxb4 29. Rxb4 Qc7 30. Ra4 Qb7 31. Rb4 Qd7 32. Rb6 Rc8 33. Qc5 Qc7 34. Kg2 Kg7 35. Ra6 Qd7 36. Ra7 Rc7 37. Qe5+ 1-0


[Site "https://www.chess.com"]

[Event "Titled Tuesday Blitz August 1 Late 2023"]
[White "Bueno, Alfeu Junior Varela"]
[Black "Janaszak, Dawid"]
[WhiteFideId "2108879"]
[BlackFideId "1119206"]
[WhiteElo "2401"]
[BlackElo "2530"]
[Result "0-1"]
[Round "9"]
[TimeControl "180+1"]
[Date "2023.08.01"]
[WhiteClock "0:01:19"]
[BlackClock "0:02:02"]
[Board "54"]

1. e4 c5 2. Nc3 e6 3. f4 d5 4. Nf3 d4 5. Nb1 Nf6 6. Bb5+ Bd7 7. Bxd7+ Nbxd7 8. d3 c4 9. e5 Nd5 10. dxc4 Ne3 11. Qe2 Bc5 12. c3 d3 13. Qxd3 Nxg2+ 14. Ke2 a5 15. Nbd2 Nxf4+ 0-1


[Site "https://www.chess.com"]

[Event "Titled Tuesday Blitz August 1 Late 2023"]
[White "Estrada Nieto, Julian"]
[Black "Hacker, Jonas"]
[WhiteFideId "5101018"]
[BlackFideId "1270968"]
[WhiteElo "2524"]
[BlackElo "2375"]
[Result "1-0"]
[Round "9"]
[TimeControl "180+1"]
[Date "2023.08.01"]
[WhiteClock "0:00:06"]
[BlackClock "0:00:00"]
[Board "55"]

1. e4 c5 2. Nf3 e6 3. c3 Nf6 4. e5 Nd5 5. Bc4 d6 6. d4 cxd4 7. cxd4 Be7 8. O-O O-O 9. Qe2 b6 10. Bd2 Bb7 11. Nc3 Nxc3 12. Bxc3 d5 13. Bd3 Nc6 14. a3 Na5 15. Bxa5 bxa5 16. Rac1 Qb6 17. Rc3 Rac8 18. Rfc1 Rxc3 19. Rxc3 h6 20. Qc2 Rb8 21. Rb3 Qd8 22. g3 Ba8 23. Nd2 Rxb3 24. Qxb3 Qb6 25. Qxb6 axb6 26. Bb5 f6 27. Nf3 Kf7 28. Kf1 Bb7 29. Ke2 Bd8 30. Ke3 Bc7 31. h4 Bc8 32. h5 Ke7 33. g4 Kf7 34. Kf4 Ke7 35. Ke3 Kf7 36. exf6 gxf6 37. Bc6 Ba6 38. Nd2 Bh2 39. b4 axb4 40. axb4 Bc4 41. b5 Ba2 42. Nf3 Bd6 43. Nh4 Bc7 44. Ng6 Bd6 45. f4 Ba3 46. Bd7 Bb1 47. Nh4 Bc1+ 48. Kf3 Ke7 49. Bc6 Be4+ 50. Kg3 Be3 51. Ng6+ Kf7 52. Nh8+ Kg7 53. Ng6 Bxg6 54. hxg6 Kxg6 55. f5+ exf5 56. gxf5+ Kxf5 57. Bxd5 Bxd4 58. Bc6 Kg5 59. Bd7 f5 60. Kf3 h5 61. Bc8 h4 62. Kg2 Kg4 63. Bd7 h3+ 64. Kh2 Be5+ 65. Kh1 Kf4 66. Kh2 Kg4+ 67. Kh1 h2 68. Bc6 Kf4 69. Bd5 Ke3 70. Bc6 Bg3 71. Kg2 f4 72. Bb7 Kd4 73. Kh1 Kc5 74. Bc6 1-0


[Site "https://www.chess.com"]

[Event "Titled Tuesday Blitz August 1 Late 2023"]
[White "Sanhueza, Cristian"]
[Black "Hambleton, Aman"]
[WhiteFideId "116815"]
[BlackFideId "2606577"]
[WhiteElo "2482"]
[BlackElo "2777"]
[Result "0-1"]
[Round "9"]
[TimeControl "180+1"]
[Date "2023.08.01"]
[WhiteClock "0:00:01"]
[BlackClock "0:00:02"]
[Board "56"]

1. d4 e5 2. dxe5 Nc6 3. Bf4 Qe7 4. Nf3 Qb4+ 5. Bd2 Qxb2 6. Nc3 Bb4 7. Rb1 Qxc3 8. Bxc3 Bxc3+ 9. Nd2 Nxe5 10. e3 Nf6 11. Rb3 Ba5 12. Rb5 Nc6 13. Bd3 O-O 14. O-O a6 15. Rg5 h6 16. Rg3 Bc3 17. Ne4 Be5 18. f4 Nxe4 19. Bxe4 Bf6 20. Qh5 Re8 21. Qxh6 Kf8 22. Qh8+ Ke7 23. Qh5 d6 24. Re1 g6 25. Qf3 Bd7 26. Bxc6 Bxc6 27. Qg4 Bd7 28. Qf3 Bc6 29. e4 Bh4 30. Qd3 Rad8 31. e5 Bxg3 32. exd6+ Kd7 33. hxg3 Rxe1+ 34. Kf2 Re6 35. dxc7+ Kxc7 36. Qc4 Red6 37. Qxf7+ R8d7 38. Qc4 Rd2+ 39. Ke1 Rxg2 40. Qc5 Rd6 41. Qe5 Rxc2 42. Qe7+ Bd7 43. Qg7 Rdd2 44. Qe5+ Kc6 45. Qe4+ Kd6 46. Qxg6+ Kc7 47. Qg7 Re2+ 48. Kd1 Rcd2+ 49. Kc1 Rxa2 50. Kb1 Rab2+ 51. Kc1 Ra2 52. Kb1 b6 53. g4 a5 54. g5 Rad2 55. Kc1 Rc2+ 56. Kb1 Rg2 57. g6 Rcf2 58. Qe5+ Kb7 59. Qe4+ Ka7 60. Qe7 Rf1+ 0-1


[Site "https://www.chess.com"]

[Event "Titled Tuesday Blitz August 1 Late 2023"]
[White "Kanyamarala, Tarun"]
[Black "Haydon, David L"]
[WhiteFideId "45004714"]
[BlackFideId "415405"]
[WhiteElo "2476"]
[BlackElo "2641"]
[Result "1-0"]
[Round "9"]
[TimeControl "180+1"]
[Date "2023.08.01"]
[WhiteClock "0:01:17"]
[BlackClock "0:01:01"]
[Board "57"]

1. d4 c6 2. Nc3 d5 3. Bf4 Nf6 4. e3 Bf5 5. Bd3 e6 6. Nge2 Bd6 7. f3 Bg6 8. h4 Qc7 9. g4 Bxd3 10. Qxd3 Bxf4 11. Nxf4 Nbd7 12. g5 Ng8 13. h5 Ne7 14. O-O-O O-O-O 15. g6 e5 16. Nfxd5 Nxd5 17. Nxd5 cxd5 18. gxh7 Nf6 19. Qf5+ Qd7 20. Qxe5 Rxh7 21. Rd3 Ne8 22. Rc3+ Nc7 23. Rxc7+ Qxc7 24. Qf5+ Qd7 25. Qxh7 f6 26. Rg1 Qe6 27. Kd2 Re8 28. Re1 Re7 29. e4 Qb6 30. Qg8+ Kc7 31. Qxd5 Qb4+ 32. Ke2 Qxb2 33. Qc5+ Kd8 34. h6 g5 35. Rh1 Rc7 36. Qd5+ Kc8 37. Qg8+ Kd7 38. Qf7+ Kc8 39. Qe8# 1-0


[Site "https://www.chess.com"]

[Event "Titled Tuesday Blitz August 1 Late 2023"]
[White "Gaal, Zsoka"]
[Black "Goltsev, Dmitry"]
[WhiteFideId "777765"]
[BlackFideId "24176710"]
[WhiteElo "2460"]
[BlackElo "2639"]
[Result "1-0"]
[Round "9"]
[TimeControl "180+1"]
[Date "2023.08.01"]
[WhiteClock "0:00:05"]
[BlackClock "0:00:01"]
[Board "58"]

1. Nf3 d5 2. g3 c6 3. Bg2 Nf6 4. b3 g6 5. Bb2 Bg7 6. O-O O-O 7. c4 Nbd7 8. d4 Ne4 9. Nbd2 f5 10. e3 b6 11. cxd5 cxd5 12. b4 Ba6 13. Qb3 Bxf1 14. Qxd5+ Kh8 15. Rxf1 Ndf6 16. Qb3 Qd5 17. Qa3 a5 18. bxa5 Rxa5 19. Qxe7 Rxa2 20. Qb4 Qa5 21. Qb3 b5 22. Nxe4 Nxe4 23. Ne5 Qa7 24. Qxb5 Rb8 25. Qd5 Bxe5 26. Qxe5+ Kg8 27. Bxe4 fxe4 28. Bc3 Rb3 29. d5 Rxc3 30. Qxc3 Ra6 31. Rd1 Qd7 32. Qe5 Rd6 33. Qxe4 h5 34. Kg2 Kh7 35. h3 Qf7 36. Rd4 Rf6 37. Rd2 Rb6 38. d6 Rb7 39. Qf3 Qd7 40. e4 Qe6 41. Qf4 Rd7 42. e5 Qb3 43. Qe3 Qb7+ 44. Qf3 Qb4 45. Qe3 Qb7+ 46. Kh2 Qb4 47. f4 Ra7 48. d7 Ra1 49. d8=Q Qb1 50. Qd7+ Kh8 51. Qe8+ Kh7 52. Qe7+ Kh6 53. f5+ g5 54. Q3xg5# 1-0


[Site "https://www.chess.com"]

[Event "Titled Tuesday Blitz August 1 Late 2023"]
[White "Araujo Sanchez, Josue"]
[Black "Harriott, Tyrell"]
[WhiteFideId "6416896"]
[BlackFideId "2086484"]
[WhiteElo "2612"]
[BlackElo "2457"]
[Result "1-0"]
[Round "9"]
[TimeControl "180+1"]
[Date "2023.08.01"]
[WhiteClock "0:00:06"]
[BlackClock "0:00:00"]
[Board "59"]

1. d4 e6 2. Nc3 d5 3. e4 f5 4. exd5 exd5 5. Bf4 Nf6 6. Qf3 Be7 7. O-O-O O-O 8. Bd3 Ne4 9. h4 Nc6 10. Nge2 Nb4 11. Bxe4 fxe4 12. Qg3 Na6 13. f3 Bf5 14. fxe4 dxe4 15. d5 Bf6 16. Nd4 Qd7 17. h5 Kh8 18. h6 g6 19. Be5 Rae8 20. Bxf6+ Rxf6 21. Rhf1 Ref8 22. a3 Kg8 23. Qg5 R6f7 24. Rde1 Nc5 25. g4 Bxg4 26. Rxf7 Rxf7 27. b4 Na4 28. Nxe4 Bf5 29. Nf6+ Rxf6 30. Qxf6 Nc3 31. Re7 Qxe7 32. Qxe7 1-0


[Site "https://www.chess.com"]

[Event "Titled Tuesday Blitz August 1 Late 2023"]
[White "Rios Escobar, Adan"]
[Black "Leebit02"]
[WhiteFideId "3403645"]
[WhiteElo "2459"]
[BlackElo "2552"]
[Result "0-1"]
[Round "9"]
[TimeControl "180+1"]
[Date "2023.08.01"]
[WhiteClock "0:00:00"]
[BlackClock "0:00:29"]
[Board "60"]

1. d4 Nf6 2. g3 d5 3. Nf3 g6 4. Bg2 Bg7 5. c4 c6 6. cxd5 cxd5 7. Nc3 O-O 8. Ne5 e6 9. Bg5 h6 10. Bf4 Nfd7 11. O-O Nc6 12. Nxc6 bxc6 13. Qd2 Kh7 14. Rac1 e5 15. dxe5 Nxe5 16. b3 Re8 17. Na4 Bd7 18. Nc5 Bf5 19. h4 Qe7 20. Rfe1 Rad8 21. h5 Ng4 22. hxg6+ fxg6 23. Nd3 g5 24. f3 Bd4+ 25. Kh1 gxf4 26. fxg4 Be3 27. Qa5 fxg3 0-1


[Site "https://www.chess.com"]

[Event "Titled Tuesday Blitz August 1 Late 2023"]
[White "slidingknight2775"]
[Black "Perez, Maximiliano"]
[BlackFideId "117234"]
[WhiteElo "2454"]
[BlackElo "2551"]
[Result "0-1"]
[Round "9"]
[TimeControl "180+1"]
[Date "2023.08.01"]
[WhiteClock "0:00:12"]
[BlackClock "0:00:28"]
[Board "61"]

1. Nf3 Nf6 2. g3 b5 3. Bg2 Bb7 4. O-O g6 5. d3 Bg7 6. e4 d6 7. Nbd2 O-O 8. Re1 e5 9. c3 c5 10. a4 a6 11. Qb3 Qd7 12. axb5 axb5 13. Rxa8 Bxa8 14. d4 Bc6 15. dxc5 Rd8 16. cxd6 Qxd6 17. Ng5 Qe7 18. Ndf3 Be8 19. Be3 h6 20. Nh3 g5 21. Nhxg5 hxg5 22. Nxg5 Ng4 23. Bc1 Bh6 24. h4 Qf6 25. Nf3 Bxc1 26. Rxc1 Na6 27. Rd1 Nc5 28. Qc2 Rxd1+ 29. Qxd1 Nxe4 30. Qe2 Nexf2 31. Ng5 Qd6 32. Bf3 Bd7 33. Ne4 Nxe4 34. Bxg4 Nxg3 35. Qf3 Bxg4 36. Qxg4+ Qg6 37. Qc8+ Kh7 38. Kh2 Ne2 39. Qh3 Nf4 40. Qf3 Qc2+ 41. Kg3 Qd3 42. Qxd3+ Nxd3 43. Kf3 Nxb2 44. Ke4 Na4 45. Kf5 Nxc3 46. Kxe5 b4 47. Kd4 b3 48. Kxc3 Kh6 49. Kxb3 Kh5 50. Kc3 Kxh4 51. Kd4 Kg4 52. Ke3 Kg3 53. Ke4 Kg4 54. Ke3 f5 55. Ke2 Kg3 56. Kf1 Kf3 57. Kg1 Ke2 58. Kg2 f4 59. Kg1 f3 60. Kh2 f2 61. Kg3 f1=Q 62. Kh2 Qf2+ 63. Kh1 Qf7 64. Kg2 Qg7+ 65. Kh3 Kf3 66. Kh4 Qg4# 0-1


[Site "https://www.chess.com"]

[Event "Titled Tuesday Blitz August 1 Late 2023"]
[White "Sathish, Pranav"]
[Black "Karwowski, Kacper"]
[WhiteFideId "30967538"]
[BlackFideId "1126032"]
[WhiteElo "2441"]
[BlackElo "2550"]
[Result "1-0"]
[Round "9"]
[TimeControl "180+1"]
[Date "2023.08.01"]
[WhiteClock "0:00:09"]
[BlackClock "0:00:00"]
[Board "62"]

1. Nf3 Nf6 2. b3 g6 3. g3 Bg7 4. Bb2 O-O 5. Bg2 d5 6. c4 c6 7. O-O a5 8. Nc3 Na6 9. d4 Bf5 10. Rc1 Ne4 11. Nxe4 Bxe4 12. e3 Qd7 13. Ne1 Bxg2 14. Kxg2 Rfe8 15. Nf3 b5 16. Qe2 a4 17. c5 axb3 18. axb3 Nc7 19. Ra1 Rxa1 20. Rxa1 Ra8 21. Rxa8+ Nxa8 22. Bc3 Qa7 23. Qb2 Nc7 24. Ne1 Ne6 25. Nd3 h5 26. h4 Bf6 27. Nb4 Nd8 28. Kf1 e6 29. Ke2 Kf8 30. Kd2 Ke8 31. Kc2 Kd7 32. Kb1 Nb7 33. Qe2 Nxc5 34. Qc2 Ne4 35. Bb2 Qb7 36. Nd3 b4 37. f3 Qc7 38. fxe4 Qxg3 39. exd5 cxd5 40. Nxb4 Be7 41. Qc6+ Kd8 42. Qa8+ Kd7 43. Nd3 Bd6 44. Qb7+ Ke8 45. Nc5 Kf8 46. Qc8+ Kg7 47. Qd7 Kf6 48. e4 Bxc5 49. dxc5+ 1-0


[Site "https://www.chess.com"]

[Event "Titled Tuesday Blitz August 1 Late 2023"]
[White "FuenfgegenWilly"]
[Black "Berezin, Viktor"]
[BlackFideId "14107872"]
[WhiteElo "2436"]
[BlackElo "2528"]
[Result "0-1"]
[Round "9"]
[TimeControl "180+1"]
[Date "2023.08.01"]
[WhiteClock "0:00:00"]
[BlackClock "0:00:11"]
[Board "63"]

1. Nf3 g6 2. c4 Bg7 3. Nc3 d6 4. d4 Nf6 5. b3 O-O 6. Bb2 Nc6 7. g3 a6 8. Bg2 Rb8 9. O-O b5 10. cxb5 axb5 11. Rc1 b4 12. Na4 Na7 13. Qc2 Nb5 14. e4 Bb7 15. Nd2 Nd7 16. Qc4 Ba6 17. Qc6 Ra8 18. e5 Ra7 19. Nc4 Nb8 20. Qf3 Bb7 21. Qe2 Bxg2 22. Kxg2 Qd7 23. Rfd1 c6 24. d5 cxd5 25. Rxd5 Qb7 26. Qf3 e6 27. Nxd6 Qxd5 28. Qxd5 exd5 29. Nxb5 Re7 30. Bd4 Rfe8 31. f4 g5 32. Bc5 Rd7 33. Bxb4 gxf4 34. gxf4 f6 35. Nd6 Red8 36. Bc3 fxe5 37. fxe5 d4 38. Bxd4 Rxd6 39. exd6 Bxd4 40. Rc4 Bf6 41. Nc5 Kf7 42. Ne4 Be5 43. Rc7+ Nd7 44. a4 Ke6 45. a5 Kd5 46. Nc3+ Kxd6 47. Rc4 Ra8 48. Ne4+ Kd5 49. Ra4 Bc7 50. a6 Nb6 51. Rb4 Rxa6 52. Ng3 Ra2+ 53. Kh3 Kc5 54. Rh4 Rb2 55. Rh5+ Nd5 56. Rxh7 Rxb3 57. Kg4 Nf6+ 0-1


[Site "https://www.chess.com"]

[Event "Titled Tuesday Blitz August 1 Late 2023"]
[White "Fiorito, Francisco"]
[Black "KrokerGuy"]
[WhiteFideId "180165"]
[WhiteElo "2524"]
[BlackElo "2434"]
[Result "1/2-1/2"]
[Round "9"]
[TimeControl "180+1"]
[Date "2023.08.01"]
[WhiteClock "0:00:07"]
[BlackClock "0:00:03"]
[Board "64"]

1. a3 Nf6 2. b4 g6 3. Bb2 Bg7 4. c4 a5 5. Nf3 O-O 6. e3 b6 7. Nc3 Bb7 8. d4 Ne4 9. Bd3 Nxc3 10. Bxc3 c5 11. Rb1 axb4 12. axb4 Qc7 13. Rb3 d5 14. bxc5 bxc5 15. dxc5 Bxc3+ 16. Rxc3 Qxc5 17. O-O Nd7 18. Qc2 Rfc8 19. Rc1 Nf6 20. Qb2 Bc6 21. cxd5 Qxd5 22. Bc4 Qd6 23. Rd3 Qb8 24. Rb3 Qd6 25. Rd3 Qb8 26. Qe2 Be4 27. Rdc3 Rd8 28. h3 Qb7 29. Ng5 Bd5 30. Bxd5 Nxd5 31. Rc5 h6 32. Ne4 Nb6 33. Qf3 Qd7 34. Rc7 Qe6 35. Nc5 Qd5 36. Qg3 Qd6 37. Nb7 Qxg3 38. fxg3 Rdc8 39. e4 Rxc7 40. Rxc7 Kf8 41. Nc5 Rc8 42. Nd7+ Ke8 43. Rxc8+ Nxc8 44. Ne5 Nd6 45. g4 Nxe4 46. Kh2 Kf8 47. g3 Kg7 48. Kg2 f6 49. Nc6 Kf7 50. Kf3 Ng5+ 51. Kg2 e5 52. h4 Ne4 53. Kf3 Nd6 54. Nd8+ Ke7 55. Nc6+ Kd7 56. Nb4 Ke6 57. Nc6 Nb5 58. Nd8+ Kd7 59. Nf7 h5 60. g5 fxg5 61. Nxe5+ Ke6 62. Nxg6 Kf6 63. Nf8 g4+ 64. Kf4 Ke7 65. Ng6+ Kf6 66. Ne5 Nd4 67. Nd7+ Ke7 68. Ne5 Ne2+ 69. Kg5 Nxg3 70. Ng6+ Kf7 71. Nf4 Ne4+ 72. Kxh5 g3 73. Kg4 Kf6 74. Nh5+ Kg6 75. Nf4+ Kf6 76. h5 Kg7 77. Ne6+ Kh6 78. Nf4 Nf6+ 79. Kh4 Nxh5 80. Ng2 Nf6 81. Kh3 Kg5 82. Ne3 Nh5 83. Ng2 Nf4+ 84. Kxg3 1/2-1/2


[Site "https://www.chess.com"]